 Dungeon Crawl Stone Soup version 0.23.2-11-gf996548c65 (webtiles) character file.

Game seed: 11459054196720099497

1433 cab the Geomancer (level 8, 0/45 HPs)
             Began as a Gargoyle Earth Elementalist on June 5, 2019.
             Was a Follower of Vehumet.
             Slain by an orc warrior
             ... wielding a +0 scimitar
              (7 damage)
             ... on level 7 of the Dungeon.
             The game lasted 00:24:52 (8050 turns).

cab the Geomancer (Gargoyle Earth Elementalist)     Turns: 8050, Time: 00:24:53

Health: 0/45       AC: 13    Str: 12    XL:     8   Next: 73%
Magic:  2/11       EV: 12    Int: 18    God:    Vehumet [*.....]
Gold:   356        SH:  0    Dex: 10    Spells: 2/11 levels left

rFire    . . .     SeeInvis .   z - +0 whip
rCold    . . .     Gourm    .   (no shield)
rNeg     + . .     Faith    .   c - +0 robe
rPois    ∞         Spirit   .   (no helmet)
rElec    +         Reflect  .   (no cloak)
rCorr    .         Harm     .   (no gloves)
MR       .....                  m - +0 pair of boots
Stlth    ++........             (no amulet)
HPRegen  0.15/turn              t - ring of flight
MPRegen  0.12/turn              B - +5 ring of protection

@: no status effects
A: negative energy resistance 1, electricity resistance, unbreathing,
petrification resistance, rot immunity, AC +5
a: Renounce Religion, Evoke Flight


You were on level 7 of the Dungeon.
You worshipped Vehumet.
Vehumet was aware of your devotion.
You were very hungry.

You visited 2 branches of the dungeon, and saw 8 of its levels.
You also visited: Sewer.

You collected 356 gold pieces.

Inventory:

Hand Weapons
 f - a +0 dagger
 h - a +0 hunting sling
 j - a +1 flail of crushing
 v - a +0 arbalest
 z - a +0 whip (weapon)
 L - a +1 dagger of venom
 T - a +2 flail of crushing
Missiles
 b - 114 stones (quivered)
 s - 41 sling bullets
 D - 45 bolts
Armour
 a - a +0 buckler
 c - a +0 robe (worn)
 m - a +0 pair of boots (worn)
 q - a +0 leather armour
 J - a +0 pair of boots
Magical Staves
 y - an uncursed staff of cold
 S - a cursed staff of air {unknown}
Jewellery
 t - a ring of flight (left hand)
 B - a +5 ring of protection (right hand)
 G - an uncursed amulet of rage {unknown}
 I - an uncursed ring of see invisible
 N - a +2 ring of protection
 P - an uncursed amulet of the acrobat {unknown}
Wands
 i - a wand of disintegration (16)
 A - a wand of polymorph (11)
Scrolls
 g - 3 scrolls of teleportation {unknown}
 l - a scroll of immolation
 n - 5 scrolls of remove curse
 p - a scroll of blinking {unknown}
 r - 2 scrolls of random uselessness {unknown}
 x - 3 scrolls of enchant armour {unknown}
 C - 3 scrolls of amnesia {unknown}
 E - a scroll of magic mapping {unknown}
 Q - a scroll of fear {unknown}
Potions
 e - a potion of magic
 k - 2 potions of degeneration
 o - 5 potions of lignification
 u - a potion of invisibility {unknown}
 w - 2 potions of resistance
 F - 2 potions of brilliance
 H - a potion of heal wounds {unknown}
 K - a potion of agility {unknown}
 O - a potion of curing {unknown}
 R - 6 potions of flight
Comestibles
 d - 10 rations


   Skills:
 + Level 2.5 Fighting
 - Level 1.5 Dodging
 - Level 2.1 Stealth
 + Level 2.5 Shields
 - Level 2.0 Spellcasting
 + Level 7.1 Conjurations
   Level 0.7 Transmutations
 + Level 9.4 Earth Magic


You had 2 spell levels left.
You knew the following spells:

 Your Spells              Type           Power        Failure   Level  Hunger
a - Sandblast             Erth           #####.       1%          1    #......
b - Stone Arrow           Conj/Erth      ####..       1%          3    ###....
c - Lee's Rapid Deconstr  Erth           #####.....   11%         5    ######.

Your spell library contained the following spells:

 Spells                   Type           Power        Failure   Level  Hunger
 Sting                    Conj/Pois      ##..         4%          1    #......
 Magic Dart               Conj           ####         1%          1    #......
 Passwall                 Tmut/Erth      ###.....     3%          2    ###....
 Blink                    Tloc           N/A          26%         2    ###....
 Call Imp                 Summ           #.......     26%         2    ###....
 Slow                     Hex            #.......     26%         2    ###....
 Conjure Flame            Conj/Fire      ##......     13%         3    ###....
 Mephitic Cloud           Conj/Pois/Air  ##......     21%         3    ###....
 Petrify                  Tmut/Erth      ###.....     22%         4    #####..


Dungeon Overview and Level Annotations

Branches:
Dungeon (7/15)             Temple (1/1) D:4

Altars:
Ashenzari
Cheibriados
Dithmenos
Elyvilon
Fedhas
Gozag
Hepliaklqana
Makhleb
Nemelex Xobeh
Okawaru
Qazlal
Ru
Sif Muna
Trog
Uskayaw
Vehumet
Wu Jian
Xom
Yredelemnul
Zin
The Shining One

Shops:
D:5 *


Innate Abilities, Weirdness & Mutations

You are resistant to torment.
Your stone body is resilient. (AC +5)
You are immune to poison.
You resist negative energy. (rN+)
You are resistant to electric shocks. (rElec)
You can survive without breathing.
You are immune to petrification.
You are immune to rotting.


Message History

Confirm with . or Enter, or press ? or * to list all spells.
Aiming: Sandblast (safe; 1% risk of failure)
Press: ? - help, Shift-Dir - straight line, f - orc warrior
Aim: an orc warrior, wielding a +0 scimitar and wearing a +0 plate armour (heavily wounded)
The blast of sand hits the orc warrior but does no damage.
The orc warrior is heavily wounded.
b - 114 stones The orc warrior hits you with a +0 scimitar.
An orc comes into view.
It is wielding a +1 hand axe of freezing.
A giant cockroach comes into view.
An orc comes into view. It is wielding a +0 club.
The orc warrior hits you with a +0 scimitar!
* * * LOW HITPOINT WARNING * * *
The giant cockroach closely misses you. The giant cockroach barely misses you.
The giant cockroach bites you but does no damage.
There is a stone staircase leading up here.
The giant cockroach misses you.
The orc warrior hits you with a +0 scimitar!
You die...

#. .. .. #. .... #.
###..# #.#####...###
. #...@.......# ..
##..oso.....######...
#...#.#.#...........
#.....o....[.).####.
#...#.#.#..###..o...
#..........# ####.o.
#...#.#.#..# .##
###.......## ##
###.....#


You could see an orc warrior, 2 orcs and a giant cockroach.

Vanquished Creatures
  Grinder (D:5)
  Sigmund (D:5)
  Edmund (D:5)
  An ogre (D:6)
  An orc warrior (D:6)
  A centaur (D:6)
  A wyvern skeleton (D:6)
  A howler monkey (D:5)
  2 crimson imps
  2 orc priests
  5 orc wizards
  2 worker ants
  A hound skeleton (D:4)
  3 gnolls (D:5)
  7 adders
  4 river rats (D:5)
  A shadow imp (D:5)
  An adder skeleton (D:5)
  8 worms
  3 leopard geckos
  26 orcs
  2 ball pythons (Sewer)
  3 giant cockroaches
  5 goblins
  7 hobgoblins
  9 jackals
  9 kobolds
  2 quokkas
  10 bats
  8 frilled lizards
  A leopard gecko skeleton (D:5)
  A leopard gecko zombie (D:5)
  4 rats
134 creatures vanquished.

Notes
Turn   | Place    | Note
-------+----------+-------------------------------------------
     0 | D:1      | cab the Gargoyle Earth Elementalist began the quest for the
                  | Orb.
     0 | D:1      | Reached XP level 1. HP: 10/10 MP: 3/3
   293 | D:1      | Reached skill level 4 in Earth Magic
   419 | D:1      | You fall through a shaft!
   436 | D:2      | Reached XP level 2. HP: 4/15 MP: 1/5
  1697 | D:2      | Reached XP level 3. HP: 16/19 MP: 3/6
  1751 | D:2      | Learned a level 3 spell: Stone Arrow
  1832 | D:2      | Reached skill level 5 in Earth Magic
  2387 | D:2      | Reached skill level 1 in Conjurations
  2387 | D:2      | Reached XP level 4. HP: 18/24 MP: 2/7
  3252 | D:3      | Found a hazy altar of Hepliaklqana.
  3309 | D:3      | Reached XP level 5. HP: 28/28 MP: 5/8
  3417 | D:3      | Reached skill level 6 in Earth Magic
  3853 | D:4      | Found a staircase to the Ecumenical Temple.
  3865 | Temple   | Entered the Ecumenical Temple
  3946 | D:4      | Found a glowing silver altar of Zin.
  4122 | D:4      | Found a basalt altar of Yredelemnul.
  4440 | D:4      | Found a deep blue altar of Sif Muna.
  5216 | D:5      | Entered Level 5 of the Dungeon
  5256 | D:5      | Noticed Sigmund
  5263 | D:5      | Killed Sigmund
  5263 | D:5      | Reached skill level 7 in Earth Magic
  5263 | D:5      | Reached XP level 6. HP: 32/32 MP: 2/9
  5264 | D:5      | Noticed Edmund
  5277 | D:5      | Killed Edmund
  5277 | D:5      | Reached XP level 7. HP: 33/36 MP: 1/10
  5327 | D:5      | Found an ornate altar of the Wu Jian Council.
  5333 | D:5      | Found a radiant altar of Vehumet.
  5336 | D:5      | Found a glowing golden altar of the Shining One.
  5342 | D:5      | Reached skill level 5 in Conjurations
  5355 | D:5      | Became a worshipper of Vehumet
  5511 | D:5      | Found Guqeho Uze's General Store.
  5551 | D:5      | Noticed Grinder
  5554 | D:5      | Paralysed by Grinder for 6 turns
  5561 | D:5      | Killed Grinder
  5561 | D:5      | Reached skill level 8 in Earth Magic
  5563 | D:5      | Reached XP level 8. HP: 23/41 MP: 4/11
  5636 | D:5      | Found a blossoming altar of Fedhas.
  5789 | D:5      | Found a glowing drain.
  5838 | Sewer    | Entered a sewer
  5840 | Sewer    | Reached * piety under Vehumet
  5840 | Sewer    | Offered knowledge of Sting by Vehumet.
  6891 | D:6      | Reached skill level 1 in Fighting
  6891 | D:6      | Reached skill level 1 in Shields
  6891 | D:6      | Reached skill level 9 in Earth Magic
  7129 | D:6      | Learned a level 5 spell: Lee's Rapid Deconstruction
  8050 | D:7      | Slain by an orc warrior

Skill      XL: |  1  2  3  4  5  6  7  8 |
---------------+-------------------------+-----
Earth Magic    | 4 5 7 8 9 |  9.4
Conjurations   | 1 2 4 6 7 |  7.1
Fighting       | 2 |  2.5
Shields        | 2 |  2.5
Dodging        | |  1.5
Stealth        | |  2.1
Spellcasting   | |  2.0
Transmutations | |  0.7

Action                   |  1- 3 |  4- 6 |  7- 9 || total
-------------------------+-------+-------+-------++-------
Melee: Dagger            |   114 |   135 |       ||   249
       Unarmed           |     5 |     7 |       ||    12
       Whip              |       |    31 |   165 ||   196
 Cast: Sandblast         |    18 |    50 |    81 ||   149
       Stone Arrow       |     1 |       |     4 ||     5
       Lee's Rapid Decon |       |       |     1 ||     1
  Use: Scroll            |       |     5 |     3 ||     8
 Stab: Sleeping          |     3 |     2 |     1 ||     6
  Eat: Chunk             |     4 |    10 |    11 ||    25
Armor: Robe              |    50 |   113 |    86 ||   249
Dodge: Dodged            |    69 |   173 |   137 ||   379
